 Dungeon Crawl Stone Soup version 0.17-a0-737-gf0a300a (webtiles) character file.

2166 SirVivor the Protected (level 9, -4/81 HPs)
             Began as a Minotaur Monk on Apr 28, 2015.
             Was an Initiate of Ru.
             Slain by an ogre
             ... wielding a cursed -3 giant club
              (24 damage)
             ... on level 7 of the Dungeon.
             The game lasted 01:32:11 (6006 turns).

SirVivor the Protected (Minotaur Monk)              Turns: 6006, Time: 01:32:11

Health: -4/81      AC:  7    Str: 22    XL:     9   Next: 10%
Magic:  9/9        EV: 14    Int:  4    God:    Ru [......]
Gold:   285        SH:  0    Dex: 14    Spells: 0 memorised, 8 levels left

rFire  + . .     SeeInvis .     x - -1 dagger (curse)
rCold  + . .     Clarity  +     B - +2 robe {rC+ rF+}
rNeg   . . .     SustAb   .     (no shield)
rPois  .         Gourm    .     (helmet restricted)
rElec  .         Spirit   .     r - +0 cloak
rCorr  .         Warding  .     (no gloves)
rMut   .         Stasis   .     m - +0 pair of boots
MR     .....                    c - amulet of clarity
Stlth  +++.......               i - ring of stealth
                                u - ring "Byapoaps" {Str+4 Int-3}

@: lethally poisoned (-4 -> -10), not resistant to hostile enchantments, fairly
stealthy
A: retaliatory headbutt, horns 2
a: Sacrifice Health, Sacrifice Nimbleness, Sacrifice Skill, Reject Sacrifices,
Renounce Religion


You were on level 7 of the Dungeon.
You worshipped Ru.
Ru was noncommittal.
You were not hungry.

You visited 2 branches of the dungeon, and saw 9 of its levels.

You collected 285 gold pieces.

Inventory:

Hand weapons
 d - a +0 short sword
 e - a +0 shortbow
 h - a +3 dagger of venom
 w - a +3 dagger of chaos
 x - a cursed -1 dagger (weapon)
 C - a +0 shortbow
Missiles
 l - 17 silver bolts
 q - 68 arrows
 v - 14 arrows of frost
 A - 10 poisoned bolts
Armour
 a - a +1 plate armour
 m - a +0 pair of boots (worn)
 r - a +0 cloak (worn)
 B - a +2 robe of resistance (worn)
Jewellery
 c - an amulet of clarity (around neck)
 f - an uncursed ring of poison resistance
 g - an uncursed ring of sustain abilities
 i - a ring of stealth (right hand)
 u - the ring "Byapoaps" (left hand) {Str+4 Int-3}
   (You found it on level 5 of the Dungeon)

   [ring of intelligence]

   It affects your strength (+4).
   It affects your intelligence (-3).
Magical devices
 o - a wand of fire (0)
 D - a wand of frost (27)
Scrolls
 j - a scroll of recharging
 s - a scroll of identify
Potions
 t - a potion of flight
 E - a potion of poison
Comestibles
 b - 4 bread rations
 k - a meat ration
 n - 5 chunks of flesh
 p - a slice of pizza
 z - a royal jelly


   Skills:
 * Level 8.0 Fighting
 + Level 5.9 Short Blades
 + Level 9.1 Armour
 + Level 5.1 Dodging
 - Level 1.6 Stealth
 - Level 4.7 Unarmed Combat
 + Level 1.3 Evocations


You had 8 spell levels left.
You didn't know any spells.

Dungeon Overview and Level Annotations

Branches:
Dungeon (8/15)             Temple (1/1) D:4
   Lair: D:8-11

Altars:
Ashenzari
Cheibriados
Dithmenos
Elyvilon
Fedhas
Gozag
Kikubaaqudgha
Makhleb
Nemelex Xobeh
Okawaru
Qazlal
Ru
Sif Muna
Trog
Vehumet
Xom
Zin

Shops:
D:5 }


Innate Abilities, Weirdness & Mutations

You reflexively headbutt those who attack you in melee.
You have a pair of horns on your head.


Message History

You barely miss the ogre.
The ogre is lightly wounded.
The ogre completely misses you.
You barely miss the ogre. You headbutt the ogre.
The ogre is lightly wounded.
You hit the ogre.
The ogre is lightly wounded.
The ogre hits you with a giant club!
You see here a hound corpse.
Read which item? (? for menu, Esc to quit)
As you read the scroll of fog, it crumbles to dust.
The scroll dissolves into smoke.
The ogre hits you with a giant club!
* * * LOW HITPOINT WARNING * * *
Unknown command.
Drink which item? (? for menu, Esc to quit)
It was a potion of poison.
That liquid tasted very nasty...
You are poisoned.
You feel sick. The ogre hits you with a giant club!!
You die...

#..##...... #...##.%..#
#....... ..## #.....#
....#####....#
#......#.....# .
.##......#...## ..#
....#..§.##....#### ....
#.....§.@##.......#
.....####....§O##.§_..###
#.....####...§§§##§§.##
#....###...§§§§§§§##
#..........§§§§§##
##.......†.§§§§§.##
#....#............. ..##
##..###.......##....
#...###..## #.......#
....


You could see an ogre.

Vanquished Creatures
  Psyche (D:8)
  A hippogriff (D:7)
  2 orc warriors
  A necrophage (D:7)
  A phantom (D:8)
  2 sky beasts
  2 centaurs (D:8)
  An ogre (D:3)
  2 giant frogs
  2 jellies
  2 crimson imps
  A hound (D:7)
  An iguana (D:4)
  A centaur zombie (D:6)
  A giant frog skeleton (D:6)
  An orc priest (D:6)
  A centaur skeleton (D:5)
  Natasha (D:4)
  7 worker ants
  5 orc wizards
  7 adders
  A shadow imp (D:5)
  An adder zombie (D:5)
  3 worms
  11 orcs
  10 giant cockroaches
  15 hobgoblins
  6 jackals
  14 kobolds
  3 quokkas
  2 ball pythons (D:2)
  A ball python skeleton (D:4)
  5 bats
  4 giant geckos
  2 giant newts
  13 goblins
  A jackal skeleton (D:4)
  A quokka skeleton (D:4)
  A quokka zombie (D:5)
  17 rats
  A ballistomycete (D:7)
155 creatures vanquished.

Vanquished Creatures (others)
  An orc wizard (D:8)
  A giant spore (D:7)
2 creatures vanquished.

Grand Total: 157 creatures vanquished

Notes
Turn   | Place    | Note
--------------------------------------------------------------
     0 | D:1      | SirVivor, the Minotaur Monk, began the quest for the Orb.
     0 | D:1      | Reached XP level 1. HP: 19/19 MP: 0/0
   603 | D:1      | Reached XP level 2. HP: 27/27 MP: 1/1
  1276 | D:2      | Reached XP level 3. HP: 33/33 MP: 2/2
  1351 | D:2      | Reached skill level 1 in Armour
  1866 | D:3      | Reached XP level 4. HP: 41/41 MP: 3/3
  2256 | D:3      | Reached skill level 1 in Short Blades
  2743 | D:3      | Reached skill level 5 in Fighting
  2786 | D:3      | Noticed an ogre
  2962 | D:3      | Killed an ogre
  2962 | D:3      | Reached XP level 5. HP: 36/48 MP: 4/4
  3344 | D:4      | Found a staircase to the Ecumenical Temple.
  3344 | D:4      | Found a sacrificial altar of Ru.
  3363 | D:4      | Became a worshipper of Ru the Awakened
  3402 | D:4      | Noticed Natasha
  3403 | D:4      | Killed Natasha
  3487 | D:4      | Found a radiant altar of Vehumet.
  3490 | D:4      | Found an ancient bone altar of Kikubaaqudgha.
  3580 | Temple   | Entered the Ecumenical Temple
  3669 | D:4      | Reached XP level 6. HP: 46/56 MP: 5/5
  3807 | D:5      | Entered Level 5 of the Dungeon
  3928 | D:5      | Got a coiled gossamer ring
  3930 | D:5      | Identified the cursed ring "Byapoaps" {Str+4 Int-3} (You found it on level 5 of the Dungeon)
  4121 | D:5      | Found Dusaret's Gadget Emporium.
  4187 | D:5      | Found a deep blue altar of Sif Muna.
  4613 | D:5      | Found a shimmering altar of Xom.
  4613 | D:5      | Found a shimmering altar of Xom.
  4616 | D:5      | Found a shimmering altar of Xom.
  4616 | D:5      | Found a shimmering altar of Xom.
  4624 | D:5      | Found a shimmering altar of Xom.
  4728 | D:5      | Reached skill level 6 in Fighting
  4741 | D:5      | Found a shimmering altar of Xom.
  4796 | D:6      | Reached XP level 7. HP: 60/63 MP: 6/6
  4807 | D:6      | Reached skill level 5 in Armour
  5111 | D:6      | You fall through a shaft for 2 floors!
  5119 | D:8      | Reached skill level 1 in Evocations
  5131 | D:8      | Reached skill level 7 in Fighting
  5131 | D:8      | Reached XP level 8. HP: 54/73 MP: 7/7
  5545 | D:8      | Noticed Psyche
  5564 | D:8      | Killed Psyche
  5564 | D:8      | Reached skill level 5 in Short Blades
  5564 | D:8      | Reached skill level 8 in Armour
  5868 | D:7      | Reached XP level 9. HP: 81/81 MP: 9/9
  5913 | D:7      | Reached skill level 9 in Armour
  5913 | D:7      | Reached skill level 5 in Dodging
  5935 | D:7      | Found an opulent altar of Gozag.
  6006 | D:7      | Slain by an ogre

Action                   |  1- 3 |  4- 6 |  7- 9 || total
-------------------------+-------+-------+-------++-------
Melee: Short sword       |    17 |       |       ||    17
       Unarmed           |     8 |       |       ||     8
       Dagger            |    75 |   168 |   183 ||   426
       Long sword        |       |     4 |       ||     4
Throw: Stone             |    20 |     3 |       ||    23
Evoke: Wand              |       |     4 |     1 ||     5
  Use: Potion            |     5 |     3 |     6 ||    14
       Scroll            |     6 |     8 |     7 ||    21
 Stab: Invisible         |       |       |     1 ||     1
       Sleeping          |       |       |     1 ||     1
  Eat: Chunk             |     3 |     8 |     6 ||    17
